 Dungeon Crawl Stone Soup version 0.30-b1-2-g02819fbbbe (webtiles) character file.

Game seed: 5463704253468143190

442 Fartwhistle the Trooper (level 7, 0/72 HPs)
             Began as an Ogre Gladiator on June 9, 2023.
             Slain by an orc wizard
             ... wielding a +0 spear
              (4 damage)
             ... on level 3 of the Dungeon.
             The game lasted 00:05:06 (2816 turns).

Fartwhistle the Trooper (Ogre Gladiator)            Turns: 2816, Time: 00:05:06

Health: 0/72       AC:  3    Str: 21    XL:     7   Next: 2%
Magic:  7/7        EV: 10    Int:  9    God:
Gold:   112        SH:  5    Dex: 10    Spells: 6/6 levels left

rFire   + . .        m - +2 flail (heavy)
rCold   . . .        (no shield)
rNeg    . . .        b - +0 robe
rPois   .            c - +0 hat
rElec   .            (no cloak)
rCorr   .            (gloves unavailable)
SInv    .            (boots unavailable)
Will    .....        q - amulet of reflection
Stlth   +            t - ring of protection from fire
HPRegen 0.32/turn    (no ring)
MPRegen 0.10/turn

%: reflection
@: attractive
A: large, unfitting armour, tough skin 1
a: no special abilities


You were on level 3 of the Dungeon.
You visited 1 branch of the dungeon, and saw 3 of its levels.

You collected 112 gold pieces.

Inventory:

Hand Weapons
 m - a +2 heavy flail (weapon)
Missiles
 d - 3 throwing nets (quivered)
 e - a large rock
 l - 4 boomerangs
 r - 3 javelins
Armour
 b - a +0 robe (worn)
 c - a +0 hat (worn)
Jewellery
 q - an amulet of reflection (around neck)
 t - a ring of protection from fire (left hand)
Scrolls
 g - 3 scrolls of teleportation {unknown}
 h - 2 scrolls of blinking {unknown}
 p - a scroll of fear {unknown}
 u - a scroll of butterflies {unknown}
Potions
 a - 2 potions of brilliance {unknown}
 f - a potion of haste {unknown}
 i - a potion of resistance {unknown}
 j - 4 potions of attraction
 k - a potion of ambrosia {unknown}
 n - a potion of heal wounds {unknown}
 s - a potion of flight {unknown}
 v - a potion of berserk rage {unknown}


   Skills:
 + Level 5.3 Fighting
 + Level 4.1 Maces & Flails
 + Level 4.0 Throwing
 + Level 4.1 Dodging


You had 6 spell levels left.
You didn't know any spells.
Your spell library contained the following spells:

 Spells                   Type           Power      Damage    Failure   Level
 Shock                    Conj/Air       0%         1d3       38%         1
 Swiftness                Air            0%         N/A       77%         3
 Airstrike                Air            0%         2d(0-16)  99%         4


Dungeon Overview and Level Annotations

Branches:
Dungeon (3/15)

Altars:

Annotations:
D:3 Robin


Innate Abilities, Weirdness & Mutations

You are too large for most types of armour.
You have tough skin. (AC +1)


Message History

The goblin attacks as you move away! The goblin hits you with a +0 club.
* * * LOW HITPOINT WARNING * * *
Robin says, "Bow before me, strongest of all the hobgoblins!"
The goblin attacks as you move away! The goblin hits you with a +0 club.
* * * LOW HITPOINT WARNING * * *
The goblin attacks as you move away! You block the goblin's attack.
The hobgoblin no longer looks unusually strong.
The goblin no longer looks unusually strong.
Robin roars a battlecry!
The goblins go into a battle-frenzy!
What are your orders? t - Shout!
Orders for allies: a - Attack new target. r - Retreat! s - Stop attacking. g - Guard the area. f - Follow me.
Anything else - Cancel.
Okay, then.
Things that are here:
a +0 flail; a gnoll corpse The goblin attacks as you move away!
You block the goblin's attack. The goblin attacks as you move away!
The goblin hits you with a +0 club.
* * * LOW HITPOINT WARNING * * *
Robin flexes a bicep menacingly.
The goblin attacks as you move away! The goblin hits you with a +0 club.
* * * LOW HITPOINT WARNING * * *
The goblin attacks as you move away! The goblin barely misses you.
Things that are here:
a +0 club; a +0 ring mail; an orc skeleton It was a potion of attraction.
You feel attractive to monsters. The goblin hits you but does no damage.
The hobgoblin is attracted toward you. Robin is attracted toward you.
Something is attracted toward you. The orc is attracted toward you.
The goblin attacks as you move away! The goblin hits you but does no damage.
The orc is attracted toward you. Something is attracted toward you.
The goblin attacks as you move away! The goblin hits you with a +0 club.
* * * LOW HITPOINT WARNING * * *
Something hits you.
You die...

#)# #)#
###.##########
#...#........#
#.#[#.######.#
###.###.#....#.# ####
#.......#.##.#.# #...
#.#...>g.....#.###...
#.#.@ggo......§.).)..
# #........#.#.###...
#....g§......# ##.#
#.#......#...# #.#
#.###.######... #.#
#. .... ......##.#
#.#.#... #.#....#
#.#.#.... #.#.#..# #
##.#


You could see Robin, an orc, 2 hobgoblins and a goblin (strong).

Vanquished Creatures
  Grinder (D:3)
  An orc priest (D:2)
  Terence (D:2)
  An orc wizard (D:3)
  8 gnolls
  An adder (D:2)
  A worm (D:2)
  2 dart slugs
  6 orcs
  3 ball pythons
  8 endoplasms
  3 giant cockroaches
  8 goblins
  9 hobgoblins
  9 jackals
  4 kobolds
  3 quokkas
  4 bats
  4 frilled lizards
  6 rats
83 creatures vanquished.

Notes
Turn   | Place    | Note
-------+----------+-------------------------------------------
     0 | D:1      | Fartwhistle the Ogre Gladiator began the quest for the Orb.
     0 | D:1      | Reached XP level 1. HP: 22/22 MP: 1/1
   123 | D:1      | Reached skill level 3 in Fighting
   123 | D:1      | Reached XP level 2. HP: 24/31 MP: 2/2
   335 | D:1      | Reached XP level 3. HP: 37/37 MP: 3/3
  1107 | D:1      | Reached XP level 4. HP: 41/47 MP: 4/4
  1710 | D:2      | Noticed Terence
  1715 | D:2      | Killed Terence
  1716 | D:2      | Reached skill level 4 in Fighting
  1716 | D:2      | Reached XP level 5. HP: 51/54 MP: 5/5
  2635 | D:3      | Noticed Grinder
  2645 | D:3      | Killed Grinder
  2646 | D:3      | Reached skill level 5 in Fighting
  2646 | D:3      | Reached XP level 6. HP: 35/66 MP: 6/6
  2774 | D:3      | Reached XP level 7. HP: 61/72 MP: 7/7
  2776 | D:3      | Noticed Robin
  2816 | D:3      | Slain by an orc wizard

Illustrated notes

Levels and vault maps discovered:
D:1:      minmay_arrival_doors, layout_loops_ring, lemuel_flame_loot_1
D:2:      layout_basic, grunt_ministairs_15, uniq_terence
D:3:      layout_basic, uniq_robin, uniq_natasha, uniq_grinder

Skill      XL: |  1  2  3  4  5  6 |
---------------+-------------------+-----
Fighting       | 3 4 5 |  5.3
Maces & Flails | 3 4 |  4.1
Dodging        | 3 4 |  4.1
Throwing       | 3 4 |  4.0

Action                     |  1- 3 |  4- 6 |  7- 9 || total
---------------------------+-------+-------+-------++-------
  Melee: Flail             |    96 |   103 |    13 ||   212
         Punch             |     1 |       |       ||     1
  Throw: Boomerang         |     4 |     2 |       ||     6
    Use: Potion            |       |       |     1 ||     1
   Stab: Sleeping          |     2 |     1 |       ||     3
 Armour: Robe              |    26 |    15 |     8 ||    49
  Dodge: Dodged            |    56 |    75 |    15 ||   146
  Block: Other             |       |    32 |     5 ||    37
